 Dungeon Crawl Stone Soup version 0.25-a0-1056-g2efb326896 (webtiles) character file.

Game seed: 3384702179919941732, levelgen mode: deterministic

199984 Flugslaktarn the Severer (level 17, 0/243 HPs)
             Began as a Deep Dwarf Fighter on May 13, 2020.
             Was the Champion of Makhleb.
             Slain by a frost giant
             ... wielding a +2 battleaxe of freezing
              (12 damage)
             ... on level 4 of the Vaults.
             The game lasted 00:15:43 (18098 turns).

Flugslaktarn the Severer (Deep Dwarf Fighter)      Turns: 18098, Time: 00:15:43

Health: 0/243      AC: 39    Str: 25    XL:     17   Next: 40%
Magic:  11/11      EV: 13    Int: 11    God:    Makhleb [******]
Gold:   1910       SH: 15    Dex: 19    Spells: 16/16 levels left

rFire    . . .     SeeInvis .   V - +1 broad axe (vorpal)
rCold    . . .     Gourm    .   s - +0 kite shield {AC+3}
rNeg     + . .     Faith    .   K - +10 plate armour of Impatience {Dex+4}
rPois    .         Spirit   .   (no helmet)
rElec    +         Reflect  .   W - +4 cloak of Calculation {*Contam rElec Str+3}
rCorr    .         Harm     .   z - +1 pair of gloves
MR       ++...                  y - +0 pair of boots
Stlth    ..........             l - amulet of the acrobat
HPRegen  0.00/turn              j - +6 ring of slaying
MPRegen  0.12/turn              A - +4 ring of protection

@: berserking, lethally poisoned (0 -> 0), flayed, corroded, non-regenerating,
lightly drained, very quick
A: damage resistance, heal wounds, negative energy resistance 1, sense
surroundings 2, no regeneration
}: 2/15 runes: barnacled, gossamer
a: Heal Wounds, Minor Destruction, Lesser Servant of Makhleb, Major Destruction,
Greater Servant of Makhleb, Renounce Religion


You were on level 4 of the Vaults.
You worshipped Makhleb.
Makhleb was exalted by your worship.
You were not hungry.

You visited 6 branches of the dungeon, and saw 35 of its levels.
You visited 2 bazaars.

You collected 3467 gold pieces.
You spent 1557 gold pieces at shops.

Inventory:

Hand Weapons
 a - a +0 war axe
 F - a +0 broad axe of protection
   (You found it on level 1 of the Lair of Beasts)
 V - a +1 vorpal broad axe (weapon)
   (You bought it in a shop in a bazaar)
Missiles
 c - 3 throwing nets (quivered)
Armour
 s - a +0 kite shield of protection (worn)
   (You took it off a tengu warrior on level 15 of the Dungeon)
 y - a +0 pair of boots (worn)
   (You found it on level 6 of the Lair of Beasts)
 z - a +1 pair of gloves (worn)
   (You found it on level 5 of the Dungeon)
 K - the +10 plate armour of Impatience (worn) {Dex+4}
   (You bought it in a shop in a bazaar)

   It affects your dexterity (+4).
 W - the +4 cloak of Calculation (worn) {*Contam rElec Str+3}
   (You bought it in a shop in a bazaar)

   It affects your strength (+3).
   It insulates you from electricity.
   It causes magical contamination when unequipped.
Jewellery
 f - an uncursed ring of protection from fire
   (You took it off a goblin on level 14 of the Dungeon)
 j - a +6 ring of slaying (left hand)
   (You found it on level 5 of the Lair of Beasts)
 l - an amulet of the acrobat (around neck)
   (You found it on level 14 of the Dungeon)
 o - an uncursed ring of poison resistance
   (You found it on level 9 of the Dungeon)
 A - a +4 ring of protection (right hand)
   (You found it on level 6 of the Dungeon)
 O - an uncursed ring of ice
   (You found it on level 5 of the Lair of Beasts)
Wands
 k - a wand of enslavement (7)
   (You found it on level 1 of the Lair of Beasts)
 m - a wand of acid (7)
   (You found it on level 7 of the Dungeon)
 v - a wand of digging (5)
   (You found it on level 8 of the Dungeon)
 C - a wand of paralysis (7)
   (You found it on level 4 of the Lair of Beasts)
 D - a wand of iceblast (13)
   (You found it on level 7 of the Dungeon)
 L - a wand of clouds (8)
   (You found it on level 5 of the Dungeon)
Scrolls
 r - 2 scrolls of identify
 t - 8 scrolls of teleportation
 x - 7 scrolls of remove curse
 B - a scroll of summoning {unknown}
 E - 3 scrolls of fog
 G - 3 scrolls of immolation
 J - a scroll of enchant weapon
 N - 3 scrolls of enchant armour
 Q - a scroll of brand weapon
Potions
 b - 4 potions of lignification
 g - 2 potions of brilliance
 h - a potion of haste
 i - 3 potions of mutation
 n - 5 potions of resistance
 q - 2 potions of curing
 w - 4 potions of heal wounds
 H - a potion of magic
 I - 2 potions of berserk rage
 P - 5 potions of flight
Miscellaneous
 d - a lightning rod (4/4)
   (You found it on level 9 of the Dungeon)
Comestibles
 e - 20 rations
 p - 9 chunks of flesh


   Skills:
 + Level 12.8(12.7) Fighting
 - Level 18.0(17.9) Axes
 + Level 14.7 Armour
 - Level 8.0(7.9) Dodging
 + Level 14.8 Shields
 - Level 15.0(14.9) Invocations


You had 16 spell levels left.
You didn't know any spells.
Your spell library was empty.

Dungeon Overview and Level Annotations

Branches:
Dungeon (15/15)            Temple (1/1) D:7            Lair (6/6) D:9
 Shoals (4/4) Lair:4       Spider (4/4) Lair:2        Slime (0/5) Lair:5
 Vaults (5/5) D:14          Crypt (0/3) Vaults:3     Depths (0/5) D:15
    Orc: D:9-12

Altars:
Ashenzari
Cheibriados
Dithmenos
Elyvilon
Fedhas
Hepliaklqana
Kikubaaqudgha
Makhleb
Nemelex Xobeh
Okawaru
Qazlal
Ru
Sif Muna
Trog
Uskayaw
Vehumet
Wu Jian
Xom
Zin
The Shining One
Jiyva

Annotations:
Lair:1 exclusion: oklob plant
Lair:3 exclusion: oklob plant
Lair:4 exclusion: oklob plant
Lair:5 1 runed translucent door, exclusion: oklob plant
Lair:6 3 runed translucent doors, Nijudane's ghost, journeyman DsGl


Innate Abilities, Weirdness & Mutations

You are resistant to damage.
You can heal yourself by infusing magical energy.
You resist negative energy. (rN+)
You passively map the area around you.
You do not regenerate.


Message History

The deep elf mage casts a spell.
The large abomination hits you!
* * * LOW HITPOINT WARNING * * *
You climb upwards.
The lost soul fades away!
The battlesphere dissipates.
There is a stone staircase leading down here.
Unknown command.
Unknown command.
A red film seems to cover your vision as you go berserk!
You feel yourself moving faster!
You feel mighty!
The vault guard hits you but does no damage.
The yaktaur captain hits you but does no damage.
The deep elf death mage hits you but does no damage.
The entropy weaver hits you but does no damage. x2
The entropy weaver hits you. x2
* * * LOW HITPOINT WARNING * * *
The yaktaur captain hits you!
* * * LOW HITPOINT WARNING * * *
You block the ettin's attack. x2
The frost giant hits you with a +2 battleaxe of freezing!
You die...

##### #####...##
#######..'.....#
#.....#..##[..##
#.....'..#.....#
#.....#..##Cac##
#.))))#..#.X@C.#
#..#(######ecp###########
*
#..#.(..##.....'.........
,
#..#..<.###...##.........
,,
##########.....#.........
, ,, ##...##......... ,
######......... , ,
#......... , #.........,


You could see a frost giant, 2 yaktaur captains, a vault guard, an entropy
weaver, a deep elf death mage, an ettin and a large abomination.

Vanquished Creatures
  A golden dragon (Vaults:4)
  Rupert (Lair:5)
  A shadow dragon (Vaults:4)
  2 tengu reavers
  2 vault wardens (Vaults:1)
  A ghost moth (Spider:4)
  3 ghouls (D:13)
  3 emperor scorpions (Spider:4)
  3 ironheart preservers
  3 entropy weavers
  A stone giant (Vaults:3)
  A large abomination (Vaults:4)
  2 spark wasps (Spider:4)
  5 merfolk javelineers
  A merfolk impaler (Shoals:4)
  A fire dragon (D:14)
  A great orb of eyes (Vaults:1)
  3 hydras
  22 vault guards
  3 ice dragons
  7 centaur warriors
  A death knight (D:14)
  4 merfolk aquamancers (Shoals:4)
  2 dancing weapons (D:14)
  3 tengu warriors
  A two-headed ogre (Vaults:5)
  3 deep troll shamans
  4 death yaks
  A deep elf knight (D:14)
  11 spriggans (Lair:6)
  3 skeletal warriors (D:13)
  4 deep trolls
  8 sea snakes
  A flayed ghost (Vaults:3)
  2 unseen horrors (D:14)
  6 ironbrand convokers
  3 orc knights
  2 harpies (Shoals:4)
  A harpy (shapeshifter) (Vaults:3)
  A deep elf archer (Vaults:1)
  3 deep elf magi
  13 orb spiders
  3 cyclopes
  An orc sorcerer (Vaults:1)
  24 wolf spiders
  11 ugly things
  5 manticores
  5 merfolk sirens
  6 centaur zombies
  3 moths of wrath
  2 vault sentinels
  2 fauns (Shoals:1)
  6 black mambas
  Joseph (D:8)
  9 spiny frogs
  A torpor snail (Spider:2)
  A gargoyle (D:13)
  7 komodo dragons
  5 yaktaurs
  An efreet (D:14)
  2 freezing wraiths (Vaults:3)
  6 demonic crawlers
  2 rime drakes (Lair:6)
  13 jumping spiders
  Prince Ribbit (D:5)
  2 trolls
  3 merfolk
  10 hornets
  3 meliai (D:14)
  3 polar bears (Lair:6)
  A hornet (shapeshifter) (D:14)
  16 blink frogs
  10 hippogriffs
  7 slime creatures (D:15)
  A snapping turtle (Shoals:4)
  5 dream sheep (Lair:6)
  A centaur simulacrum (D:14)
  31 redbacks
  A water elemental (Shoals:4)
  A wraith (D:14)
  30 yaks
  20 tarantellas
  3 vampires
  2 wyverns
  Eustachio (D:5)
  A hog (shapeshifter) (D:14)
  4 basilisks
  2 hungry ghosts
  A fire elemental (Lair:5)
  A steam dragon (D:9)
  3 acid dragons
  11 water moccasins
  10 porcupines
  2 sky beasts
  3 ice beasts
  3 orc warriors
  2 phantoms (D:5)
  3 black bears
  8 boggarts
  4 ogres
  24 wolves
  10 centaurs
  7 crocodiles
  12 bullfrogs
  A gnoll sergeant (D:6)
  7 scorpions
  3 killer bees (D:13)
  3 wights (D:9)
  2 howler monkeys (D:5)
  An electric eel (Lair:6)
  3 bullfrog zombies
  8 crimson imps
  5 hounds
  A quasit (D:8)
  3 jellies
  4 orc priests
  4 centaur skeletons
  8 orc wizards
  Crazy Yiuf (D:4)
  A bullfrog skeleton (D:6)
  2 iguanas
  8 worker ants
  A hound skeleton (D:5)
  A mummy (D:13)
  4 gnolls (D:6)
  12 adders
  2 river rats (D:9)
  A shadow imp (D:9)
  2 worms (D:4)
  A dart slug (D:1)
  5 leopard geckos
  51 orcs
  3 giant cockroaches
  6 goblins
  3 hobgoblins
  3 quokkas
  A bat (D:1)
  2 frilled lizards
  A kobold (D:1)
  A quokka zombie (D:5)
  2 rats
  7 fungi
  4 plants
701 creatures vanquished.

Vanquished Creatures (collateral kills)
  3 hydras
  A polar bear (Lair:6)
  6 blink frogs
  A spriggan (Lair:6)
  A wyvern (Lair:3)
  A crocodile (Lair:2)
  A plant (Lair:4)
14 creatures vanquished.

Vanquished Creatures (others)
  A manticore (D:14)
  10 fungi
  6 plants
  12 toadstools (Lair:4)
29 creatures vanquished.

Grand Total: 744 creatures vanquished

Notes
Turn   | Place    | Note
-------+----------+-------------------------------------------
     0 | D:1      | Flugslaktarn the Deep Dwarf Fighter began the quest for the
                  | Orb.
     0 | D:1      | Reached XP level 1. HP: 20/20 MP: 1/1
   101 | D:2      | Reached XP level 2. HP: 27/27 MP: 2/2
   137 | D:3      | Noticed an angel
   138 | D:3      | Found a glowing silver altar of Zin.
   167 | D:3      | Reached skill level 3 in Axes
   167 | D:3      | Reached XP level 3. HP: 30/33 MP: 3/3
   260 | D:4      | Reached XP level 4. HP: 14/42 MP: 4/4
   372 | D:4      | Found a glowing golden altar of the Shining One.
   478 | D:4      | Found a runed translucent door.
   479 | D:4      | Noticed Crazy Yiuf
   548 | D:4      | Reached skill level 4 in Axes
   548 | D:4      | Reached XP level 5. HP: 21/49 MP: 5/5
   850 | D:4      | Killed Crazy Yiuf
   896 | D:5      | Entered Level 5 of the Dungeon
   906 | D:5      | Reached XP level 6. HP: 35/57 MP: 4/4
   934 | D:5      | Reached skill level 5 in Axes
   976 | D:5      | Noticed Eustachio
  1022 | D:5      | Found an iron altar of Okawaru.
  1039 | D:5      | Killed Eustachio
  1039 | D:5      | Reached skill level 5 in Armour
  1039 | D:5      | Reached skill level 5 in Shields
  1039 | D:5      | Reached XP level 7. HP: 36/64 MP: 4/4
  1078 | D:5      | Noticed Prince Ribbit
  1165 | D:5      | Killed Prince Ribbit
  1165 | D:5      | Reached skill level 6 in Axes
  1449 | D:5      | Found a glowing silver altar of Zin.
  1702 | D:5      | Reached XP level 8. HP: 55/73 MP: 5/5
  1726 | D:5      | Reached skill level 7 in Axes
  1926 | D:5      | Found a shimmering altar of Xom.
  2314 | D:6      | You fall into a shaft and drop 2 floors!
  2314 | D:8      | Noticed Joseph
  2362 | D:8      | Killed Joseph
  2362 | D:8      | Reached skill level 5 in Fighting
  2397 | D:8      | Noticed a hippogriff
  2418 | D:8      | Killed a hippogriff
  2418 | D:8      | Reached skill level 8 in Axes
  2476 | D:7      | Found a staircase to the Ecumenical Temple.
  2485 | Temple   | Entered the Ecumenical Temple
  2513 | Temple   | Became a worshipper of Makhleb the Destroyer
  2576 | D:7      | Gained mutation: You passively map the area around you.
                  | [Deep Dwarf growth]
  2576 | D:7      | Reached XP level 9. HP: 40/81 MP: 3/3
  2725 | D:7      | Reached skill level 1 in Invocations
  3090 | D:6      | Reached * piety under Makhleb
  3154 | D:6      | Found a stormy altar of Qazlal.
  3845 | D:7      | Reached skill level 9 in Axes
  4485 | D:8      | Found a blossoming altar of Fedhas.
  4485 | D:8      | Found a hazy altar of Hepliaklqana.
  4485 | D:8      | Found a sparkling altar of Nemelex Xobeh.
  4619 | D:8      | Reached ** piety under Makhleb
  4771 | D:8      | Identified a scroll of acquirement
  4771 | D:8      | Identified the amulet "Bigrios" {Spirit *Slow rElec rF+
                  | MR+} (You acquired it on level 8 of the Dungeon)
  4847 | D:9      | Noticed a death yak
  4847 | D:9      | Noticed a death yak
  4855 | D:9      | Noticed a death yak
  4910 | D:9      | Killed a death yak
  4910 | D:9      | Reached skill level 10 in Axes
  4910 | D:9      | Reached XP level 10. HP: 47/92 MP: 4/6
  4927 | D:9      | Killed a death yak
  4964 | D:9      | Killed a death yak
  4964 | D:9      | Reached skill level 5 in Invocations
  5307 | D:9      | Found a staircase to the Lair.
  5781 | D:9      | Found an ornate altar of the Wu Jian Council.
  5908 | Lair:1   | Entered Level 1 of the Lair of Beasts
  5933 | Lair:1   | Found an iron altar of Okawaru.
  5937 | Lair:1   | Noticed an oklob plant
  5991 | Lair:1   | Reached skill level 11 in Axes
  6072 | Lair:1   | Noticed a six-headed hydra
  6080 | Lair:1   | Reached *** piety under Makhleb
  6101 | Lair:1   | Killed a nine-headed hydra
  6101 | Lair:1   | Reached XP level 11. HP: 75/100 MP: 5/5
  6677 | Lair:2   | Noticed a five-headed hydra
  6838 | Lair:2   | Found a hole to the Spider Nest.
  7148 | Lair:2   | Reached skill level 12 in Axes
  7492 | Lair:2   | You fall into a shaft and drop 2 floors!
  7509 | Lair:4   | Noticed a death yak
  7540 | Lair:4   | Killed a death yak
  7581 | Lair:4   | Noticed an oklob plant
  8019 | Lair:2   | Killed a nine-headed hydra
  8378 | Lair:3   | Noticed a five-headed hydra
  8416 | Lair:3   | Killed an 11-headed hydra
  8416 | Lair:3   | Reached XP level 12. HP: 44/111 MP: 4/4
  8450 | Lair:3   | Reached skill level 13 in Axes
  8795 | Lair:3   | Reached skill level 10 in Shields
  9271 | Lair:4   | Noticed a seven-headed hydra
  9294 | Lair:4   | Killed a 13-headed hydra
  9294 | Lair:4   | Reached skill level 10 in Armour
  9334 | Lair:4   | Noticed a seven-headed hydra
  9357 | Lair:4   | Found a staircase to the Shoals.
  9741 | Lair:4   | Killed a 14-headed hydra
 10229 | Lair:5   | Noticed Rupert
 10251 | Lair:5   | Killed Rupert
 10332 | Lair:5   | Found a frozen archway.
 10354 | Lair:5   | Found a runed translucent door.
 10354 | Lair:5   | Found a viscous altar of Jiyva.
 10355 | Lair:5   | Noticed an azure jelly
 10536 | Lair:5   | Reached skill level 14 in Axes
 10966 | Lair:6   | Entered Level 6 of the Lair of Beasts
 11030 | Lair:6   | Reached skill level 10 in Invocations
 11062 | Lair:6   | Reached XP level 13. HP: 105/121 MP: 4/4
 11111 | Lair:6   | Found a runed translucent gate.
 11112 | Lair:6   | Found a runed translucent gate.
 11114 | Lair:6   | Found a runed translucent gate.
 11116 | Lair:6   | Noticed a death ooze
 11116 | Lair:6   | Noticed Nijudane's ghost (journeyman DsGl)
 11168 | Lair:6   | Reached **** piety under Makhleb
 11569 | Lair:6   | Reached ***** piety under Makhleb
 12006 | Lair:6   | Found a viscous altar of Jiyva.
 12042 | Lair:6   | Reached skill level 15 in Axes
 12397 | D:10     | Entered Level 10 of the Dungeon
 12843 | D:14     | Noticed a fire dragon
 12853 | D:14     | Reached skill level 10 in Fighting
 12855 | D:14     | Gained mutation: You resist negative energy. (rN+) [Deep
                  | Dwarf growth]
 12855 | D:14     | Reached XP level 14. HP: 114/132 MP: 6/6
 12927 | D:15     | Entered Level 15 of the Dungeon
 13064 | D:13     | Noticed a ghoul
 13090 | D:13     | Killed a ghoul
 13116 | D:13     | Noticed a ghoul
 13145 | D:13     | Killed a ghoul
 13242 | D:14     | Found a gate to the Vaults.
 13263 | D:14     | Found a white marble altar of Elyvilon.
 13275 | D:14     | Reached ****** piety under Makhleb
 13299 | D:14     | Found a flickering gateway to a bazaar.
 13314 | Bazaar   | Entered a bazaar
 13318 | Bazaar   | Found Fuhewis's Antique Armour Boutique.
 13326 | Bazaar   | Found Mixota's Gadget Boutique.
 13337 | Bazaar   | Found Sainiotzo's General Store.
 13348 | Bazaar   | Found Hychuis's Magic Scroll Shop.
 13356 | Bazaar   | Bought a scroll of fog for 22 gold pieces
 13356 | Bazaar   | Found Hosch's Antique Weapon Shop.
 13364 | Bazaar   | Bought a glowing broad axe for 252 gold pieces
 13387 | Bazaar   | Bought a transparent cloak for 275 gold pieces
 13397 | Bazaar   | Identified the +4 cloak of Calculation {*Contam rElec
                  | Str+3} (You bought it in a shop in a bazaar)
 13767 | D:14     | Reached skill level 16 in Axes
 14457 | D:15     | Found a staircase to the Depths.
 15061 | Spider:1 | Entered Level 1 of the Spider Nest
 15175 | Spider:2 | Reached XP level 15. HP: 140/140 MP: 8/8
 15210 | Spider:2 | Reached skill level 1 in Dodging
 15337 | Spider:3 | Reached skill level 5 in Dodging
 15421 | Spider:4 | Entered Level 4 of the Spider Nest
 16061 | Spider:4 | Reached skill level 17 in Axes
 16075 | Spider:4 | Paralysed by a hornet for 1 turns
 16336 | Spider:4 | Killed a ghost moth
 16409 | Spider:4 | Got a gossamer rune of Zot
 16606 | Shoals:1 | Entered Level 1 of the Shoals
 16698 | Shoals:3 | Reached XP level 16. HP: 150/150 MP: 9/9
 16731 | Shoals:4 | Entered Level 4 of the Shoals
 16982 | Shoals:4 | Got a barnacled rune of Zot
 17365 | Vaults:1 | Entered Level 1 of the Vaults
 17481 | Vaults:1 | Reached skill level 18 in Axes
 17825 | Vaults:3 | Found a flickering gateway to a bazaar.
 17828 | Vaults:3 | Noticed a tengu reaver
 17839 | Vaults:3 | Killed a tengu reaver
 17848 | Bazaar   | Entered a bazaar
 17848 | Bazaar   | Found Asitwear's Antique Armour Emporium.
 17848 | Bazaar   | Found Fili's General Store.
 17848 | Bazaar   | Found Eshry's Book Emporium.
 17856 | Bazaar   | Bought a shimmering plate armour for 1008 gold pieces
 17866 | Bazaar   | Identified the +10 plate armour of Impatience {Dex+4} (You
                  | bought it in a shop in a bazaar)
 18014 | Vaults:5 | Entered Level 5 of the Vaults
 18014 | Vaults:5 | Noticed a tengu reaver
 18016 | Vaults:5 | Noticed a golden dragon
 18018 | Vaults:5 | Noticed a shadow dragon
 18023 | Vaults:5 | Reached XP level 17. HP: 159/159 MP: 11/11
 18023 | Vaults:5 | Reached skill level 15 in Invocations
 18076 | Vaults:4 | Killed a golden dragon
 18098 | Vaults:4 | HP: 12/243 [yaktaur captain (6)]
 18098 | Vaults:4 | Slain by a frost giant

Illustrated notes

Levels and vault maps discovered:
D:1:      saegor_arrival_simple_b, layout_basic, st_stairs_13,
          corexii_hall_statues_x, minmay_misc_feat_chi
D:2:      layout_basic, kennysheep_ying_yang, first_ration, uniq_robin,
          uniq_terence, uniq_sigmund
D:3:      layout_rooms, zin_angel, gammafunk_ghost_gnarly_gnolls,
          corexii_item_surrounded_by_moat
D:4:      layout_cave_pools, nicolae_overflow_hidden_temple,
          uniq_crazy_yiuf_cottage
D:5:      layout_layer_cave, okawaru_ov_weapons_minmay, tgw_xom, basic_altar,
          uniq_eustachio, uniq_prince_ribbit1
D:6:      layout_gridville, nicolae_qazlal_general_emergency
D:7:      layout_gridville, minmay_temple_entry_antechambers
D:8:      lemuel_upstairs_altar, layout_basic,
          gammafunk_temple_overflow_forgotten, uniq_joseph
D:9:      kennysheep_spiral_hall, layout_loops_corners,
          lemuel_coloured_pillars_altar, dpeg_lair_monsters
D:10:     layout_long_grid
D:11:     layout_loops_ring, uniq_grum
D:12:     layout_rooms, orc_0_dummy, basic_altar, grunt_tengu_nest,
          corexii_corridor_pit
D:13:     layout_loops_ring, basic_altar, serial_undead, serial_undead_c,
          serial_undead_c, serial_undead_a, serial_undead_a, serial_undead_c,
          serial_undead_e, serial_undead_f, serial_undead_d, serial_undead_b,
          serial_undead_d, minmay_hedge_maze
D:14:     hangedman_arrow_trap, layout_basic, erik_vaults_1,
          minmay_misc_feat_diagonals, basic_altar, serial_shops,
          bzr_entry_customers, minivault_16, lightli_fourway_metalbox
D:15:     grunt_enter_depths_hoard, layout_stronghold,
          minmay_misc_feat_enclosed, serial_rivers,
          chequers_serial_rivers_micro_b, chequers_serial_rivers_micro_e,
          chequers_serial_rivers_micro_b, chequers_serial_rivers_micro_b,
          chequers_serial_rivers_micro_a
Temple:   nicolae_temple_x_marks_the_god
Lair:1:   layout_hall_layers, lemuel_oklob_altar, grunt_megastairs_4,
          infiniplex_staircase_pool_2
Lair:2:   layout_layer_cave, spider_nest_entry_web_field, lemuel_fruit_fields,
          grunt_megastairs_3
Lair:3:   layout_cellular_growth, beast_lair_carwin_2, minmay_lair_oklob_chamber
Lair:4:   gammafunk_lair_enchanted_lake, layout_cave_pods,
          minmay_shoals_entry_centaurs, cheibrodos_lair_reptile_den
Lair:5:   layout_gridlike, slime_altar_2, serial_rivers,
          chequers_serial_rivers_marsh, chequers_serial_rivers_room_b,
          chequers_serial_rivers_marsh, chequers_serial_rivers_micro_c,
          chequers_serial_rivers_micro_b, portal_ice_cave_entry_pillars_1,
          uniq_rupert
Lair:6:   minmay_lair_end_enchanted_forest, layout_misc_corridors,
          gammafunk_ghost_ooze, chequers_serial_rivers_micro_a,
          nicolae_quartered_pool_little, st_stairs_11, serial_bayou_shore_a
Shoals:1: layout_shoals, ldierk_geyser
Shoals:2: cheibrodos_shoals_epimethial_gifts, layout_shoals,
          gammafunk_ghost_cemetery, serial_shops, bzr_entry_safe,
          nicolae_shoals_kraken_party
Shoals:3: layout_shoals, argonaut_gorgonesque
Shoals:4: shoals_end_simple, layout_shoals, serial_shops, shop_statue,
          nicolae_shoals_arrival_archipelago, uniq_polyphemus
Spider:1: layout_spider_delve, minivault_29
Spider:2: spiders_nest_scorpion_pit, nicolae_spider_cling_halls
Spider:3: nicolae_spider_mines_2, nicolae_arachne_temple, uniq_arachne
Spider:4: guppyfry_spider_rune
Vaults:1: ontoclasm_vaults_claustrophobia, nicolae_vaults_mini_display_case,
          hangedman_vaults_stitches, vaults_room_semicircle,
          hangedman_vaults_snaps, nicolae_vaults_network_periphery,
          nicolae_vaults_ninety_degrees, grunt_vaults_twisty, v_misc_15,
          layout_vaults_maze_snakey
Vaults:2: vaults_dpeg_cross, hangedman_vaults_stagger, vaults_dpeg_doors,
          nicolae_vaults_little_squares_6, v_misc_28, nicolae_vaults_quadrants,
          nicolae_vaults_big_angled_halls, ontoclasm_vaults_misaligned,
          vaults_room_semicircle, vaults_standard_mumra_x,
          vaults_room_door_ring, layout_vaults_ring, serial_shops,
          shop_fountains
Vaults:3: nicolae_vaults_network_s, hangedman_vaults_variations, v_misc_22,
          st_more_cells, hangedman_vaults_stretched_pinwheel,
          nicolae_vaults_stairing_the_circle, v_misc_4,
          nicolae_vaults_little_squares_3, minmay_crypt_entry_necro_gods,
          v_misc_11, layout_vaults_chaotic_city, serial_shops, freezing_bzr,
          shop, uniq_saint_roka, uniq_aizul
Vaults:4: vaults_mumra_bighexcomb, vaults_room_corners, v_rooms_4,
          vaults_room_hallway, vaults_standard_mumra_lines,
          ontoclasm_vaults_hangar, nicolae_vaults_little_ls, v_misc_15,
          v_alt_pattern_6, ontoclasm_vaults_ligature, v_misc_27,
          vaults_room_grunt_arrival_ludios, layout_vaults_omnicross,
          uniq_bai_suzhen
Vaults:5: serial_shops

Skill      XL: |  1  2  3  4  5  6  7  8  9 10 11 12 13 14 15 16 17 |
---------------+----------------------------------------------------+-----
Axes           | 3 4 5 6 8 10 11 12 14 15 16 17 18 | 18.0
Fighting       | 3 4 5 6 7 8 9 10 11 12 | 12.8
Armour         | 4 5 6 7 8 9 10 11 12 13 14 | 14.7
Shields        | 4 5 6 7 8 9 10 11 12 13 14 | 14.8
Invocations    | 4 6 8 10 11 12 13 14 15 | 15.0
Dodging        | 8 |  8.0

Action                   |  1- 3 |  4- 6 |  7- 9 | 10-12 | 13-15 | 16-18 || total
-------------------------+-------+-------+-------+-------+-------+-------++-------
Melee: War axe           |    96 |   164 |   466 |   230 |       |       ||   956
       Broad axe         |       |       |       |   615 |  1239 |   419 ||  2273
Invok: Lesser Servant of |       |       |       |    12 |     1 |       ||    13
 Abil: Heal Wounds       |     1 |     9 |    20 |    27 |    15 |     1 ||    73
Evoke: Wand              |       |       |     3 |     7 |       |       ||    10
  Use: Scroll            |       |       |    10 |    12 |    11 |     1 ||    34
       Potion            |       |       |     3 |     2 |     4 |     1 ||    10
 Stab: Distracted        |       |       |       |     1 |       |       ||     1
       Held in net/web   |       |       |       |       |     1 |       ||     1
  Eat: Chunk             |       |     1 |    13 |    16 |    10 |     1 ||    41
       Ration            |       |       |     1 |     4 |     3 |     1 ||     9
Armor: Scale mail        |    44 |    85 |    17 |       |       |       ||   146
       Plate armour      |       |       |   249 |   675 |   951 |   307 ||  2182
Dodge: Dodged            |    35 |    77 |    79 |   202 |   382 |   202 ||   977
       Repelled          |       |       |       |       |     1 |       ||     1
Block: Kite shield       |    56 |   148 |   312 |   736 |   957 |   306 ||  2515

Table legend:
 A = Non-vault XP
 B = Vault XP
 C = Vault XP percentage of total XP
 D = Non-vault monster count
 E = Vault monster count
 F = Vault count percentage of total count
                 A         B        C        D         E       F
            +---------+---------+-------+---------+---------+-------
      Total |  115353 |  130339 |  53.0 |     473 |     231 |  32.8
            +---------+---------+-------+---------+---------+-------
        D:1 |      10 |       0 |   0.0 |       6 |       0 |   0.0
        D:2 |      15 |       0 |   0.0 |       2 |       0 |   0.0
        D:3 |      35 |       0 |   0.0 |      13 |       0 |   0.0
        D:4 |     280 |      39 |  12.2 |      19 |       1 |   5.0
        D:5 |     868 |     493 |  36.2 |      23 |       2 |   8.0
        D:6 |     447 |       0 |   0.0 |      14 |       0 |   0.0
        D:7 |    1033 |       0 |   0.0 |      25 |       0 |   0.0
        D:8 |    1042 |     466 |  30.9 |      24 |       1 |   4.0
        D:9 |     795 |    3013 |  79.1 |      20 |      10 |  33.3
       D:10 |     131 |       0 |   0.0 |       2 |       0 |   0.0
       D:11 |    1548 |       0 |   0.0 |       7 |       0 |   0.0
       D:12 |    1376 |       0 |   0.0 |      15 |       0 |   0.0
       D:13 |    1912 |    8573 |  81.8 |       9 |      10 |  52.6
       D:14 |    8899 |   10516 |  54.2 |      27 |      21 |  43.8
       D:15 |    9458 |    1943 |  17.0 |      23 |       2 |   8.0
     Lair:1 |    3274 |     597 |  15.4 |      15 |       1 |   6.2
     Lair:2 |    3700 |      96 |   2.5 |      16 |       1 |   5.9
     Lair:3 |    5306 |     703 |  11.7 |      20 |       4 |  16.7
     Lair:4 |    4963 |    3129 |  38.7 |      17 |      16 |  48.5
     Lair:5 |    2748 |    2430 |  46.9 |      16 |       1 |   5.9
     Lair:6 |    8929 |    9169 |  50.7 |      31 |      49 |  61.2
   Shoals:1 |    2255 |       0 |   0.0 |       4 |       0 |   0.0
   Shoals:2 |    1598 |       0 |   0.0 |       2 |       0 |   0.0
   Shoals:3 |    1300 |       0 |   0.0 |       4 |       0 |   0.0
   Shoals:4 |     952 |   17549 |  94.9 |       2 |      23 |  92.0
   Spider:1 |    5050 |       0 |   0.0 |      13 |       0 |   0.0
   Spider:2 |    7252 |       0 |   0.0 |      22 |       0 |   0.0
   Spider:3 |    9975 |       0 |   0.0 |      25 |       0 |   0.0
   Spider:4 |   13866 |   17736 |  56.1 |      35 |      29 |  45.3
   Vaults:1 |    8181 |   10531 |  56.3 |       8 |      17 |  68.0
   Vaults:2 |     480 |       0 |   0.0 |       1 |       0 |   0.0
   Vaults:3 |    1873 |   10805 |  85.2 |       4 |      14 |  77.8
   Vaults:4 |    4694 |   16871 |  78.2 |       7 |      13 |  65.0
   Vaults:5 |    1108 |   15680 |  93.4 |       2 |      16 |  88.9
            +---------+---------+-------+---------+---------+-------
